 Dungeon Crawl Stone Soup version 0.30-a0-989-g0d87f670db (webtiles) character file.

Game seed: 14134069004146376524

10805 ytrimaz the Summoner (level 11, -5/84 HPs)
             Began as a Demigod Summoner on Apr 3, 2023.
             Engulfed by their own flame (23 damage)
             ... on level 11 of the Dungeon.
             The game lasted 00:23:16 (12779 turns).

ytrimaz the Summoner (Demigod Summoner)            Turns: 12779, Time: 00:23:16

Health: -5/84      AC: 23    Str:  9    XL:     11   Next: 18%
Magic:  25/29      EV: 14    Int: 29    God:
Gold:   689        SH:  0    Dex: 17    Spells: 19/30 levels left

rFire   . . .      SeeInvis .    r - +5 whip "Musuda" {protect, Dex+3}
rCold   . . .      Faith    .    (no shield)
rNeg    . . .      Spirit   .    c - +2 robe {Archmagi}
rPois   .          Reflect  .    (no helmet)
rElec   .          Rampage  .    u - +1 cloak
rCorr   .          Archmagi +    k - +0 pair of gloves
Will    +....                    l - +0 pair of boots
Stlth   ++                       F - amulet of magic regeneration
HPRegen 0.34/turn                y - +4 ring of protection
MPRegen 0.61/turn                E - +4 ring of protection

@: under a protective aura
A: high MP 1, forlorn, divine attributes
a: no special abilities


You were on level 11 of the Dungeon.
You visited 1 branch of the dungeon, and saw 11 of its levels.

You collected 689 gold pieces.


Innate Abilities, Weirdness & Mutations

You have an increased reservoir of magic. (+10% MP)
You shall have no god before yourself.
Your divine heritage dramatically boosts your attributes as you level up.


   Skills:
 + Level 4.0 Fighting
 + Level 4.6 Dodging
 - Level 1.7 Stealth
 - Level 10.0 Spellcasting
 - Level 12.0 Summonings


You had 19 spell levels left.
You knew the following spells:

 Your Spells              Type           Power      Damage    Failure   Level
a - Summon Small Mammal   Summ           100%       N/A       1%          1
b - Call Canine Familiar  Summ           90%        N/A       1%          3
c - Summon Guardian Gole  Hex/Summ       65%        N/A       1%          3
d - Summon Lightning Spi  Summ/Air       65%        N/A       3%          4

Your spell library contained the following spells:

 Spells                   Type           Power      Damage    Failure   Level
 Call Imp                 Summ           90%        N/A       1%          2
 Magic Dart               Conj           84%        1d7       3%          1
 Mephitic Cloud           Conj/Pois/Air  21%        N/A       11%         3

Inventory:

Hand Weapons
 r - the +5 whip "Musuda" (weapon) {protect, Dex+3}
   (You found it on level 3 of the Dungeon)

   Dex:       It affects your dexterity (+3).
Armour
 c - a +2 robe of the Archmagi (worn)
   (You found it on level 2 of the Dungeon)
 k - a +0 pair of gloves (worn)
   (You found it on level 2 of the Dungeon)
 l - a +0 pair of boots (worn)
   (You found it on level 2 of the Dungeon)
 u - a +1 cloak (worn)
   (You took it off Crazy Yiuf on level 4 of the Dungeon)
Jewellery
 q - an amulet of reflection
   (You found it on level 4 of the Dungeon)
 y - a +4 ring of protection (left hand)
   (You found it on level 6 of the Dungeon)
 B - a ring of ice
   (You found it on level 11 of the Dungeon)
 C - a +5 ring of evasion
   (You found it on level 6 of the Dungeon)
 E - a +4 ring of protection (right hand)
   (You found it on level 11 of the Dungeon)
 F - an amulet of magic regeneration (around neck)
   (You found it on level 11 of the Dungeon)
Wands
 n - a wand of iceblast (23)
   (You found it on level 3 of the Dungeon)
Scrolls
 d - 3 scrolls of amnesia
 f - a scroll of magic mapping
 o - 4 scrolls of teleportation
 p - 2 scrolls of blinking
 s - a scroll of enchant armour
 v - a scroll of fear
 x - 2 scrolls of enchant weapon
 z - a scroll of brand weapon
Potions
 a - 3 potions of flight
 b - 3 potions of magic
 e - 4 potions of haste
 g - 7 potions of heal wounds
 h - a potion of cancellation
 i - 2 potions of curing
 j - 2 potions of attraction
 m - 4 potions of brilliance
 t - 2 potions of mutation {unknown}
 w - a potion of invisibility {unknown}
 A - a potion of lignification
 D - 2 potions of ambrosia

Dungeon Overview and Level Annotations

Branches:
Dungeon (11/15) Zot: 26585  Temple (0/1) D:5            Lair (0/5) D:10
    Orc (0/2) D:11

#.#.?.#.#.#.).#.# #.
#.#.?. .#.#...#.# #.
#.##)##.#.##.##.# #.
#..#'#..#..#.#..# #.
#.......#......## #.
##.8.8o###.§...# #. .
##.§h§.###...)## #<
....#..§....#)...##.###.
#....8@§......####.....
####.......#### #.....
####>#### #..... ###
#..### #.. # #.. # .. #
... # #


You could see an orc warrior (ally target), a friendly warg (summoned,
sheltered) and a friendly lightning spire (summoned, sheltered).


Message History

Your warg bites the orc warrior but does no damage.
The orc warrior unwields a +0 arbalest.
The orc warrior wields a +0 hand axe.
The orc warrior hits your warg with a +0 hand axe.
The orc warrior hits your bat with a +0 flail!
Your bat dies!
Your bat's corpse disappears in a puff of smoke! 😮 MP[+1]
Your warg bites the orc warrior!
The orc warrior dies!
Your quokka bites the orc warrior but does no damage.
The orc warrior shoots a bolt.
The bolt closely misses your warg.
The bolt closely misses the orc warrior.
The bolt misses you.
Your warg bites the orc warrior but does no damage.
Your quokka bites the orc warrior but does no damage. 😮 HP[+1] Unknown command.
You closely miss the orc warrior. Your warg misses the orc warrior.
Your quokka completely misses the orc warrior.
The orc warrior closely misses your warg.
The orc warrior hits you but does no damage. 😮 MP[+1] Unknown command.
You hit the orc warrior.
Your weapon exudes an aura of protection.
Your warg closely misses the orc warrior.
Your quokka bites the orc warrior but does no damage.
The orc warrior misses your warg. The orc warrior barely misses you.
Your lightning spire shoots out a bolt of lightning at the orc warrior!
The bolt of electricity hits the orc warrior! 😮 MP[+1]
Your warg bites the orc warrior.
Your quokka bites the orc warrior but does no damage.
The orc warrior hits your warg with a +0 long sword!
Your warg dies!
Your warg's corpse disappears in a puff of smoke!
Your lightning spire shoots out a bolt of lightning at the orc warrior!
The bolt of electricity hits the orc warrior!
Your guardian golem overheats! 😮 HP[+1]
Casting: Summon Lightning Spire (dangerous; 3% risk of failure)
Confirm with . or Enter, or press ? or * to list all spells.
You feel a surge of power!
Your quokka bites the orc warrior but does no damage. x2 😮 MP[-2]
You lost 2 mp, and now have 23/29 mp.
Unknown command.
You hit the orc warrior.
Your warg barely misses the orc warrior.
The orc warrior closely misses you.
Your quokka bites the orc warrior but does no damage. 😮 MP[+1] Unknown command.
You strike the helpless orc warrior from behind!
You hit the orc warrior but do no damage.
Your warg misses the orc warrior.
Your quokka bites the orc warrior but does no damage.
The orc warrior hits your quokka with a +0 flail.
Flame seeps out of your guardian golem.
Your guardian golem is engulfed in blazing flames.
Flame seeps out of your guardian golem. 😮 HP[+1] Unknown command.
You hit the orc warrior.
Your warg bites the orc warrior.
Your quokka completely misses the orc warrior.
The orc warrior hits you but does no damage.
Your lightning spire shoots out a bolt of lightning at the orc warrior!
The bolt of electricity hits the orc warrior!
The orc warrior dies!
Your guardian golem is engulfed in blazing flames.
Flame seeps out of your guardian golem. 😮 MP[+1]
Your quokka bites the orc warrior but does no damage.
The orc warrior hits your guardian golem with a +0 long sword.
Flame seeps out of your guardian golem.
Your guardian golem is engulfed in blazing flames.
Flame seeps out of your guardian golem.
Your warg bites the orc warrior but does no damage.
Your lightning spire shoots out a bolt of lightning at the orc warrior!
The bolt of electricity hits your guardian golem.
Your guardian golem resists.
Your guardian golem disappears in a puff of smoke!
The bolt of electricity hits the orc warrior! x2
The fiery explosion engulfs your quokka!
Your quokka dies!
Your quokka's corpse disappears in a puff of smoke!
The fiery explosion engulfs your warg!! The fiery explosion engulfs you!!
* * * LOW HITPOINT WARNING * * *
The fiery explosion engulfs the orc warrior!!!
The orc warrior dies!
The orc warrior shoots a bolt.
The bolt hits you!
* * * LOW HITPOINT WARNING * * *
Your Fighting skill increases to level 4!
Things that are here:
a +0 flail; a +0 chain mail; 😱 HP[-35]
You now have 84 max hp (+1).
You take 35 damage, and now have 18/84 hp.
MASSIVE DAMAGE!! (PAUSE)
You are engulfed in blazing flames.
You die...

Skill      XL: |  1  2  3  4  5  6  7  8  9 10 11 |
---------------+----------------------------------+-----
Spellcasting   | 2 3 4 6 7 9 10 | 10.0
Summonings     | 4 6 7 8 10 12 | 12.0
Dodging        | 3 4 |  4.6
Fighting       | 2 4 |  4.0
Stealth        | |  1.7

Action                     |  1- 3 |  4- 6 |  7- 9 | 10-12 || total
---------------------------+-------+-------+-------+-------++-------
  Melee: Unarmed           |    64 |    29 |       |       ||    93
         Punch             |     2 |       |       |     1 ||     3
         Whip              |       |    10 |    49 |    41 ||   100
   Cast: Summon Small Mamm |    75 |    31 |    21 |    11 ||   138
         Call Canine Famil |     3 |    17 |    38 |    23 ||    81
         Summon Guardian G |       |     9 |    23 |    22 ||    54
         Summon Lightning  |       |       |     8 |    10 ||    18
    Use: Scroll            |     6 |     7 |     4 |     3 ||    20
         Potion            |       |     2 |       |       ||     2
   Stab: Distracted        |       |       |     1 |     2 ||     3
 Armour: Robe              |    35 |    22 |    30 |    28 ||   115
  Dodge: Dodged            |    61 |    42 |    76 |    90 ||   269
  Block: Other             |       |       |    20 |    28 ||    48
         Reflection        |       |       |     3 |       ||     3

Levels and vault maps discovered:
D:1:      tekkud_arrival_beachfront_property, layout_basic, serial_forest,
          infiniplex_forest_lined_2, infiniplex_forest_lined_ring,
          infiniplex_forest_clump_medium, infiniplex_forest_clump_diagonal,
          infiniplex_forest_end_2, infiniplex_forest_clump_diagonal,
          infiniplex_forest_lined_1, minmay_misc_feat_tower
D:2:      layout_rooms, basic_altar, uniq_natasha
D:3:      layout_loops_ring, mainiacjoe_overflow_surrounded_room,
          dreamdust_ecumenical_altar_drowned_temple, grunt_ministairs_9,
          uniq_ijyb
D:4:      layout_cave_pools, nicolae_vehumet_altar_sigil,
          nicolae_overflow_hidden_temple, uniq_grinder, uniq_crazy_yiuf_cottage
D:5:      layout_basic, mainiacjoe_overflow_concentric_impassable,
          mainiacjoe_overflow_boulevard, minmay_temple_entry_gardened_gates
D:6:      layout_cave_pods, nicolae_water_bricks, nicolae_fountain_basement
D:7:      layout_loops_cross, nicolae_overflow_crystal_walls
D:8:      wad_woods_stonehenge, layout_basic, kennysheep_slug_shrine
D:9:      layout_basic, tso_metal_star, minivault_7
D:10:     layout_cave_pools, mainiacjoe_overflow_alcove_2, dpeg_oklobed_lair,
          serial_column_ruins, column_ruins_courtyard_long, column_ruins_hut,
          column_ruins_columns_straight, column_ruins_grid_4,
          column_ruins_columns_straight, column_ruins_corridor_straight,
          column_ruins_open_small, kennysheep_nondescript, uniq_erica
D:11:     layout_long_grid, david_orc_1_choice

Notes
Turn   | Place    | Note
-------+----------+-------------------------------------------
     0 | D:1      | ytrimaz the Demigod Summoner began the quest for the Orb.
     0 | D:1      | Reached XP level 1. HP: 14/14 MP: 5/5
     0 | D:1      | magus.rc [v1.9.6]
   133 | D:1      | Reached skill level 2 in Spellcasting
   404 | D:1      | Reached XP level 2. HP: 12/20 MP: 2/7
   643 | D:1      | Reached skill level 4 in Summonings
  1595 | D:2      | Identified a +2 robe of the Archmagi
  1648 | D:1      | Reached XP level 3. HP: 13/26 MP: 3/9
  1741 | D:2      | Learned a level 3 spell: Call Canine Familiar
  1877 | D:2      | Learned a level 3 spell: Summon Guardian Golem
  2316 | D:2      | Noticed Natasha
  2335 | D:2      | Killed Natasha
  2336 | D:2      | Reached skill level 3 in Spellcasting
  2336 | D:2      | Reached XP level 4. HP: 14/33 MP: 11/11
  2479 | D:2      | Noticed Natasha
  2526 | D:2      | Killed Natasha
  2827 | D:2      | Noticed Natasha
  2838 | D:2      | Killed Natasha
  2931 | D:3      | Reached XP level 5. HP: 38/38 MP: 10/13
  3010 | D:3      | Reached skill level 5 in Summonings
  3130 | D:3      | Noticed Ijyb
  3156 | D:3      | HP: 9/38 [Ijyb/+0 club (4)]
  3193 | D:3      | HP: 7/38 [Ijyb/iceblast (17)]
  3285 | D:3      | Killed Ijyb
  3647 | D:3      | Identified the +5 whip "Musuda" {protect, Dex+3}
  4113 | D:4      | Reached skill level 4 in Spellcasting
  4129 | D:4      | Learned a level 4 spell: Summon Lightning Spire
  4232 | D:4      | Noticed Grinder
  4255 | D:4      | Killed Grinder
  4256 | D:4      | Reached skill level 6 in Summonings
  4256 | D:4      | Reached XP level 6. HP: 45/45 MP: 9/16
  4557 | D:4      | Reached XP level 7. HP: 50/50 MP: 15/17
  4731 | D:4      | Found a runed translucent door.
  4732 | D:4      | Noticed Crazy Yiuf
  4828 | D:4      | Killed Crazy Yiuf
  4829 | D:4      | Reached skill level 5 in Spellcasting
  4943 | D:5      | Entered Level 5 of the Dungeon
  5486 | D:5      | Found a staircase to the Ecumenical Temple.
  5853 | D:6      | Reached skill level 7 in Summonings
  6051 | D:6      | Reached skill level 6 in Spellcasting
  6146 | D:6      | Reached XP level 8. HP: 57/57 MP: 16/20
  6304 | D:6      | Reached skill level 8 in Summonings
  6589 | D:6      | Reached skill level 7 in Spellcasting
  7176 | D:7      | Reached XP level 9. HP: 62/62 MP: 24/24
  7265 | D:7      | Reached skill level 9 in Summonings
  7641 | D:7      | Reached skill level 8 in Spellcasting
  8399 | D:8      | Noticed an elephant
  8412 | D:8      | Killed an elephant
  8674 | D:8      | HP: 13/62 [kobold brigand/+0 whip of electrocution (20)]
  9055 | D:8      | You pick up a book of Minor Magic and begin reading...
  9055 | D:8      | You add the spells Magic Dart and Mephitic Cloud to your
                  | library.
  9139 | D:8      | Noticed an elephant
  9148 | D:8      | Noticed an elephant
  9150 | D:8      | Killed an elephant
  9151 | D:8      | Reached skill level 10 in Summonings
  9155 | D:8      | Noticed an elephant
  9155 | D:8      | Killed an elephant
  9174 | D:8      | Killed an elephant
  9175 | D:8      | Reached skill level 9 in Spellcasting
  9598 | D:8      | Reached XP level 10. HP: 51/69 MP: 20/27
 10684 | D:9      | Reached skill level 11 in Summonings
 11131 | D:9      | Reached skill level 10 in Spellcasting
 11525 | D:10     | Entered Level 10 of the Dungeon
 11539 | D:10     | Reached skill level 2 in Dodging
 11691 | D:10     | Noticed Erica
 11724 | D:10     | Killed Erica
 11725 | D:10     | Reached skill level 1 in Fighting
 12039 | D:10     | Found a staircase to the Lair.
 12070 | D:10     | Noticed a deep elf pyromancer
 12081 | D:10     | Killed a deep elf pyromancer
 12082 | D:10     | Reached skill level 2 in Fighting
 12082 | D:10     | Reached skill level 3 in Dodging
 12494 | D:11     | Noticed a boulder beetle
 12523 | D:11     | Killed a boulder beetle
 12524 | D:11     | Reached skill level 12 in Summonings
 12524 | D:11     | Reached XP level 11. HP: 81/81 MP: 22/29
 12530 | D:11     | Reached skill level 3 in Fighting
 12535 | D:11     | Reached skill level 4 in Dodging
 12725 | D:11     | Found a staircase to the Orcish Mines.
 12729 | D:11     | Noticed a two-headed ogre
 12738 | D:11     | Killed a two-headed ogre
 12778 | D:11     | HP: 17/83 [orc warrior/bolt (7)]
 12779 | D:11     | Reached skill level 4 in Fighting
 12779 | D:11     | Engulfed by their own flame

Vanquished Creatures
  A water moccasin (D:9)
  A bullfrog (D:8)
  2 killer bees (D:9)
  A hound (D:6)
  An orc priest (D:9)
  Natasha (D:2)
  A gnoll (D:7)
  A shadow imp (D:7)
  3 orcs
  A bat (D:1)
  A jackal (D:2)
  A spectral hobgoblin (D:3)
15 creatures vanquished.

Vanquished Creatures (collateral kills)
  Erica (D:10)
  A boulder beetle (D:11)
  A deep elf pyromancer (D:10)
  A manticore (D:11)
  4 elephants (D:8)
  An unseen horror (D:11)
  A troll (D:11)
  A queen bee (D:9)
  A shadow (D:10)
  A wyvern (D:9)
  A wraith (D:10)
  3 steam dragons
  4 orc warriors
  An ice beast (D:6)
  An ogre (D:6)
  2 centaurs
  2 phantoms
  A kobold brigand (D:8)
  4 gnoll sergeants
  3 bullfrogs
  3 scorpions
  4 wights (D:9)
  22 killer bees
  3 howler monkeys
  5 jellies
  3 hounds
  3 orc priests
  Crazy Yiuf (D:4)
  3 sleepcaps (D:6)
  2 iguanas
  7 orc wizards
  Natasha (twice) (D:2)
  16 gnolls
  9 adders
  2 worms (D:2)
  2 dart slugs
  26 orcs
  5 endoplasms
  3 giant cockroaches
  6 goblins
  8 hobgoblins
  16 jackals
  3 kobolds
  2 quokkas
  4 ball pythons
  5 bats
  4 frilled lizards
  4 rats
208 creatures vanquished.

Vanquished Creatures (others)
  A two-headed ogre (D:11)
  A troll (D:9)
  Grinder (D:4)
  A wyvern (D:9)
  An orc warrior (D:11)
  A black bear (D:5)
  A centaur (D:9)
  6 killer bees
  A hound (D:5)
  Ijyb (D:3)
  An iguana (D:3)
  2 orc wizards
  3 orcs
  An endoplasm (D:4)
  A hobgoblin (D:4)
  69 plants
92 creatures vanquished.

Grand Total: 315 creatures vanquished

Table legend:
 A = Non-vault XP
 B = Vault XP
 C = Vault XP percentage of total XP
 D = Non-vault monster count
 E = Vault monster count
 F = Vault count percentage of total count
                 A         B        C        D         E       F
            +---------+---------+-------+---------+---------+-------
      Total |   10328 |    5109 |  33.1 |     207 |      38 |  15.5
            +---------+---------+-------+---------+---------+-------
        D:1 |      52 |       0 |   0.0 |      22 |       0 |   0.0
        D:2 |     129 |      36 |  21.8 |      29 |       1 |   3.3
        D:3 |      91 |      40 |  30.5 |      13 |       4 |  23.5
        D:4 |     265 |     316 |  54.4 |      15 |       2 |  11.8
        D:5 |     391 |       0 |   0.0 |      18 |       0 |   0.0
        D:6 |    1746 |       0 |   0.0 |      30 |       0 |   0.0
        D:7 |     960 |       0 |   0.0 |      23 |       0 |   0.0
        D:8 |     597 |    2108 |  77.9 |      17 |       7 |  29.2
        D:9 |    1729 |    1362 |  44.1 |      19 |      18 |  48.6
       D:10 |    1287 |     839 |  39.5 |      11 |       1 |   8.3
       D:11 |    3081 |     408 |  11.7 |      10 |       5 |  33.3
            +---------+---------+-------+---------+---------+-------

Illustrated notes

Table legend:
 A = Kills in this place as a percentage of kills in the entire game.
 B = Kills by you in this place as a percentage of kills by you in the entire game.
 C = Kills by friends in this place as a percentage of kills by friends in the entire game.
 D = Other kills in this place as a percentage of other kills in the entire game.
 E = Experience gained in this place as a percentage of experience gained in the entire game.
 F = Experience gained in this place divided by the number of levels of this place that you have seen.
                   A       B       C       D       E      F
               +-------+-------+-------+-------+-------+----------------------
         Total | 100.0 | 100.0 | 100.0 | 100.0 | 100.0 | 1403.4
       Dungeon | 100.0 | 100.0 | 100.0 | 100.0 | 100.0 | 1403.4
               +-------+-------+-------+-------+-------+----------------------

Table legend: (Time is in decaauts)
 A = Elapsed time spent in this place.
 B = Non-inter-level travel time spent in this place.
 C = Inter-level travel time spent in this place.
 D = Time resting spent in this place.
 E = Time spent auto-exploring this place.
 F = Levels seen in this place.
 G = Mean time per level.
                   A        B        C        D        E       F      G
               +--------+--------+--------+--------+--------+-----+--------+
         Total |  12802 |  12333 |    469 |    765 |   8976 |  11 | 1163.8 |
       Dungeon |  12802 |  12333 |    469 |    765 |   8976 |  11 | 1163.8 |
               +--------+--------+--------+--------+--------+-----+--------+

Top non-repeatable levels by time:
     D:9: 1750 daAuts
     D:1: 1674 daAuts
     D:8: 1640 daAuts
     D:6: 1225 daAuts
     D:3: 1190 daAuts
     D:2: 1190 daAuts
     D:7: 1090 daAuts
     D:4: 903 daAuts
     D:5: 882 daAuts
    D:10: 839 daAuts
    D:11: 414 daAuts
